 Dungeon Crawl Stone Soup version 0.25.0-9-g26727b657a (webtiles) character file.

Game seed: 5738291768789412889

88 Esekla the Slasher (level 4, 0/26 HPs)
             Began as a Tengu Skald on June 18, 2020.
             Shot with a stone by a goblin (2 damage)
             ... led by Robin
             ... on level 2 of the Dungeon.
             The game lasted 00:06:50 (1692 turns).

Esekla the Slasher (Tengu Skald)                    Turns: 1692, Time: 00:06:51

Health: 0/26       AC:  4    Str: 12    XL:     4   Next: 54%
Magic:  6/8        EV: 13    Int: 13    God:
Gold:   61         SH:  0    Dex: 14    Spells: 2/7 levels left

rFire    . . .     SeeInvis .   a - +0 falchion
rCold    . . .     Gourm    .   (no shield)
rNeg     . . .     Faith    .   b - +0 leather armour
rPois    .         Spirit   .   (helmet restricted)
rElec    .         Reflect  .   (no cloak)
rCorr    .         Harm     .   f - +0 pair of gloves
MR       .....                  (boots unavailable)
Stlth    +.........             (no amulet)
HPRegen  0.08/turn              (no ring)
MPRegen  0.11/turn              (no ring)

@: no status effects
A: beak, talons 3
a: no special abilities


You were on level 2 of the Dungeon.
You were very hungry.

You visited 1 branch of the dungeon, and saw 2 of its levels.

You collected 61 gold pieces.

Inventory:

Hand Weapons
 a - a +0 falchion (weapon)
Missiles
 e - 13 poisoned darts (quivered)
Armour
 b - a +0 leather armour (worn)
 f - a +0 pair of gloves (worn)
Scrolls
 c - a scroll of random uselessness {unknown}
 g - 2 scrolls of teleportation {unknown}
Potions
 h - a potion of curing {unknown}
Comestibles
 d - a ration


   Skills:
 + Level 2.3 Fighting
 * Level 3.7 Long Blades
 + Level 1.5 Armour
 * Level 3.0 Dodging
 + Level 2.2 Spellcasting
 - Level 2.4 Charms
 * Level 0.8 Translocations


You had 2 spell levels left.
You knew the following spells:

 Your Spells              Type           Power        Failure   Level  Hunger
a - Infusion              Chrm           #...         12%         1    ##.....
b - Shroud of Golubria    Chrm/Tloc      #.....       26%         2    ###....
c - Song of Slaying       Chrm           #.......     19%         2    ###....

Your spell library contained the following spells:

 Spells                   Type           Power        Failure   Level  Hunger
 Ozocubu's Armour         Chrm/Ice       #.......     50%         3    ####...
 Spectral Weapon          Hex/Chrm       #.......     50%         3    ####...


Dungeon Overview and Level Annotations

Branches:
Dungeon (2/15)

Altars:


Innate Abilities, Weirdness & Mutations

You have a beak for a mouth.
You have claws for feet.


Message History

The hobgoblin barely misses you.
You hit Robin but do no damage. You claw Robin.
You kill Robin!
The goblin no longer looks unusually strong.
The goblin barely misses you. x2; The hobgoblin closely misses you.
A goblin comes into view. It is wielding a +0 club.
The goblin barely misses you.
Your song has ended.
The goblin hits you.
* * * LOW HITPOINT WARNING * * *
The hobgoblin barely misses you.
You riposte.
You hit the hobgoblin but do no damage.
The goblin no longer looks unusually strong.
The hobgoblin no longer looks unusually strong.
The goblin unwields a +0 dagger.
The goblin wields a +0 hunting sling of freezing.
It is covered in frost.
The goblin shoots a stone.
The stone hits you.
* * * LOW HITPOINT WARNING * * *
The stone freezes you.
You die...

#.##)......#.#####.###########
#.##.......#.#...#...†..........
#)##.......#.#.#.#.##..........
#>....................<........
#.##.......#.#.#.#g#########.####
#.##...#.###.#.#.g)..............
#...............ggg..g...........
.###...#.###.#....(####<##.....##
.# #...#.# #.#..@gg..)).÷........
.# #...#.# #.#.########.##.....##
.# #...#.# #.#.#...............#.
.# .......$.#.....#. .#
##########.....#. ## .....###.#.
##### ########.#. .....
........... ##### ########.##


You could see 3 hobgoblins and 5 goblins.

Vanquished Creatures
  Robin (D:2)
  2 adders (D:2)
  2 oozes
  A worm (D:2)
  A dart slug (D:1)
  3 leopard geckos (D:1)
  A ball python (D:1)
  3 giant cockroaches (D:1)
  7 goblins
  2 hobgoblins
  7 jackals
  2 kobolds (D:1)
  A quokka (D:2)
  4 bats
  5 rats (D:1)
42 creatures vanquished.

Vanquished Creatures (others)
  A frilled lizard (D:1)
1 creature vanquished.

Grand Total: 43 creatures vanquished

Notes
Turn   | Place    | Note
-------+----------+-------------------------------------------
     0 | D:1      | Esekla the Tengu Skald began the quest for the Orb.
     0 | D:1      | Reached XP level 1. HP: 12/12 MP: 4/4
    46 | D:1      | Reached XP level 2. HP: 9/17 MP: 1/6
    68 | D:1      | Learned a level 2 spell: Shroud of Golubria
    71 | D:1      | Learned a level 2 spell: Song of Slaying
   488 | D:1      | Reached XP level 3. HP: 15/21 MP: 7/7
  1402 | D:2      | Reached XP level 4. HP: 24/26 MP: 8/8
  1672 | D:2      | Noticed Robin
  1690 | D:2      | Killed Robin
  1692 | D:2      | Shot with a stone by a goblin

Illustrated notes

Levels and vault maps discovered:
D:1:      psy_arrival_fountain, layout_loops_ring, lemuel_old_faithful
D:2:      layout_basic, nicolae_overflow_crystal_walls, minmay_pentomino_w2,
          uniq_robin

Skill      XL: |  1  2  3  4 |
---------------+-------------+-----
Long Blades    | 3 |  3.7
Dodging        | 3 |  3.0
Fighting       | |  2.3
Armour         | |  1.5
Spellcasting   | |  2.2
Charms         | |  2.4
Translocations | |  0.8

Action                   |  1- 3 |  4- 6 || total
-------------------------+-------+-------++-------
Melee: Falchion          |    81 |    17 ||    98
       Kick              |    15 |     6 ||    21
       Peck              |    11 |     4 ||    15
 Cast: Infusion          |     1 |       ||     1
       Shroud of Golubri |     1 |     1 ||     2
       Song of Slaying   |       |     1 ||     1
  Eat: Chunk             |       |     2 ||     2
Armor: Leather armour    |    19 |     7 ||    26
Dodge: Dodged            |    50 |    26 ||    76
       Rpst.: Falchion   |    17 |     9 ||    26
